 Dungeon Crawl Stone Soup version 0.26.0-45-g9c1d065592 (webtiles) character file.

Game seed: 7311999880234755233

5996 trckry the Vandal (level 10, 0/83 HPs)
             Began as a Ghoul Hunter on Jan 29, 2021.
             Was a Priest of Okawaru.
             Slain by a killer bee (2 damage)
             ... on level 8 of the Dungeon.
             The game lasted 00:35:10 (14047 turns).

trckry the Vandal (Ghoul Hunter)                   Turns: 14047, Time: 00:35:10

Health: 0/83       AC: 16    Str: 20    XL:     10   Next: 85%
Magic:  12/12      EV:  7    Int:  6    God:    Okawaru [***...]
Gold:   513        SH:  0    Dex:  9    Spells: 9/9 levels left

rFire    . . .     SeeInvis .   b - +1 morningstar (protect)
rCold    + . .     Faith    .   (no shield)
rNeg     + + +     Spirit   .   H - +0 plate armour (curse)
rPois    ∞         Reflect  .   (no helmet)
rElec    .         Harm     .   A - +0 cloak (curse)
rCorr    +         Rampage  .   m - +1 pair of gloves
Will     .....                  v - +0 pair of boots (curse)
Stlth    ..........             (no amulet)
HPRegen  0.00/turn              y - ring of stealth
MPRegen  0.13/turn              E - ring of resist corrosion

@: no status effects
A: claws 1, cold resistance 1, negative energy resistance 3, inhibited
regeneration, torment resistance, unbreathing
a: Renounce Religion, Heroism


You were on level 8 of the Dungeon.
You worshipped Okawaru.
Okawaru was most pleased with you.
You visited 2 branches of the dungeon, and saw 10 of its levels.

You collected 513 gold pieces.

Inventory:

Hand Weapons
 a - a +1 hunting sling
 b - a +1 morningstar of protection (weapon)
Missiles
 d - 42 sling bullets
 k - 153 stones
 s - 2 throwing nets
 w - 12 poisoned darts (quivered)
 G - 5 silver javelins
Armour
 m - a +1 pair of gloves (worn)
 v - a cursed +0 pair of boots (worn)
 A - a cursed +0 cloak (worn)
 H - a cursed +0 plate armour (worn)
Jewellery
 y - a ring of stealth (left hand)
 E - a ring of resist corrosion (right hand)
Wands
 x - a wand of iceblast (16)
Scrolls
 c - 7 scrolls of teleportation {unknown}
 j - 7 scrolls of amnesia {unknown}
 l - 3 scrolls of remove curse {unknown}
 o - 6 scrolls of identify {unknown}
 p - 2 scrolls of random uselessness {unknown}
 q - a scroll of fog {unknown}
 u - a scroll of fear {unknown}
 B - 3 scrolls of magic mapping {unknown}
 F - a scroll of enchant armour {unknown}
Potions
 e - 2 potions of berserk rage
 f - a potion of invisibility {unknown}
 g - 2 potions of brilliance {unknown}
 h - 2 potions of degeneration {unknown}
 n - 3 potions of attraction {unknown}
 r - 2 potions of flight {unknown}
 t - 2 potions of lignification {unknown}
 z - a potion of ambrosia {unknown}
 C - a potion of mutation {unknown}
 D - 3 potions of might {unknown}


   Skills:
 + Level 5.9 Fighting
 * Level 6.4 Maces & Flails
 * Level 7.5 Slings
 + Level 4.4 Armour
 + Level 4.9 Dodging
 - Level 1.1 Stealth
 + Level 4.4 Shields
 + Level 5.3 Invocations
 + Level 4.3 Evocations


You had 9 spell levels left.
You didn't know any spells.
Your spell library was empty.

Dungeon Overview and Level Annotations

Branches:
Dungeon (9/15)             Temple (1/1) D:6
   Lair: D:8-11         Orc: D:9-12

Altars:
Ashenzari
Cheibriados
Dithmenos
Elyvilon
Fedhas
Gozag
Hepliaklqana
Makhleb
Nemelex Xobeh
Okawaru
Qazlal
Ru
Sif Muna
Trog
Uskayaw
Vehumet
Wu Jian
Xom
Yredelemnul
Zin
The Shining One

Shops:
D:5 ([   D:8 *


Innate Abilities, Weirdness & Mutations

You thrive by killing the living.
You are immune to poison.
You have sharp fingernails.
Your flesh is cold resistant. (rC+)
You are immune to negative energy. (rN+++)
You do not regenerate when monsters are visible.
You are immune to unholy pain and torment.
You can survive without breathing.


Message History

* * * LOW HITPOINT WARNING * * *
The killer bee stings you but does no damage. x2
The killer bee barely misses you.
Throw: 14 darts (poison)
Press: ? - help, Q - select action, (/) - cycle Shift-Dir - straight line, f - killer bee
Aim: a killer bee (lightly wounded, 26% to hit)
You throw a poisoned dart. The poisoned dart hits the killer bee.
The killer bee is lightly wounded.
The killer bee stings you but does no damage.
The killer bee barely misses you. x2
Throw: 13 darts (poison)
Press: ? - help, Q - select action, (/) - cycle Shift-Dir - straight line, f/p - killer bee
Aim: a killer bee (lightly wounded, 29% to hit)
You throw a poisoned dart. The poisoned dart hits the killer bee!
The killer bee is poisoned.
The killer bee is lightly wounded.
The killer bee stings you.
* * * LOW HITPOINT WARNING * * *
The killer bee barely misses you. The killer bee stings you.
You die...

#.####......####.'.'.####.
#.# #......# ###.####...
#.# ##.P_P..# #_'.'.##.≈≈
#.# #....P..# ###.###..≈.
#####.###.......#
#.'.'.##.≈.
#..........####.#
###.####≈≈. #.###.####.#
#.# #.'.†.##≈.. #.#
#.####.####.######.####≈.⌠
#.#
#.......y@y....#[')'.##≈..
#.#
###########..#####.####≈.⌠
#.# #..### #'# #≈.. #.#
#####....# #.# #≈≈≈ #.#
#......### #.# #### #.#
#.####.# #.# #.#
######.####.# #.# ##.#
#...........# #.# #..#
#.####.####.# #.#


You could see 2 killer bees.

Vanquished Creatures
  Harold (D:7)
  Pikel (D:7)
  Maggie (D:6)
  Prince Ribbit (D:6)
  2 wraiths (D:8)
  Duvessa (D:5)
  2 orc warriors (D:5)
  2 phantoms
  3 black bears (D:8)
  2 ice beasts
  4 ogres
  A necrophage (D:8)
  3 lemures
  A centaur (D:7)
  Blork the orc (D:6)
  A big kobold (D:7)
  4 bullfrogs
  Dowan (D:5)
  A wyvern zombie (D:7)
  5 scorpions
  3 killer bees
  8 wights
  8 orc wizards
  4 centaur skeletons
  3 human zombies (D:8)
  4 orc priests
  A hound (D:6)
  2 jellies
  4 bullfrog skeletons
  A human skeleton (D:8)
  2 iguanas
  8 worker ants
  A hound skeleton (D:4)
  A hound zombie (D:5)
  4 mummies (D:8)
  A howler monkey zombie (D:9)
  4 gnolls
  9 adders
  2 shadow imps (D:7)
  3 white imps
  5 ufetubi
  An adder skeleton (D:4)
  3 worms
  2 dart slugs
  2 leopard geckos (D:1)
  26 orcs
  8 ball pythons
  14 giant cockroaches
  5 goblins
  5 hobgoblins
  5 jackals
  9 kobolds
  5 quokkas
  5 bats
  8 frilled lizards
  A jackal skeleton (D:6)
  A leopard gecko zombie (D:5)
  A quokka skeleton (D:8)
  8 rats
225 creatures vanquished.

Vanquished Creatures (others)
  3 plants (D:3)
3 creatures vanquished.

Grand Total: 228 creatures vanquished

Notes
Turn   | Place    | Note
-------+----------+-------------------------------------------
     0 | D:1      | trckry the Ghoul Hunter began the quest for the Orb.
     0 | D:1      | Reached XP level 1. HP: 17/17 MP: 0/0
   540 | D:1      | Reached XP level 2. HP: 24/24 MP: 1/1
   644 | D:1      | Reached XP level 3. HP: 30/30 MP: 2/2
   813 | D:1      | Reached skill level 1 in Maces & Flails
  1630 | D:2      | Reached XP level 4. HP: 37/37 MP: 3/3
  1941 | D:2      | Found a burning altar of Makhleb.
  2034 | D:2      | Reached skill level 4 in Slings
  2034 | D:2      | Reached skill level 1 in Invocations
  2313 | D:2      | Reached skill level 1 in Shields
  2372 | D:1      | HP: 5/37 [gnoll (4)]
  2378 | D:1      | HP: 5/37 [gnoll (6)]
  2387 | D:1      | HP: 4/37 [gnoll (5)]
  3101 | D:3      | Reached XP level 5. HP: 18/42 MP: 4/4
  3348 | D:3      | Found a broken altar of Ashenzari.
  3870 | D:4      | Reached skill level 1 in Evocations
  3888 | D:4      | Reached skill level 1 in Armour
  4050 | D:4      | Noticed an ogre
  4059 | D:4      | Killed an ogre
  4060 | D:4      | Reached XP level 6. HP: 33/51 MP: 6/6
  4203 | D:4      | Found a sparkling altar of Nemelex Xobeh.
  4663 | D:5      | Entered Level 5 of the Dungeon
  4695 | D:5      | Noticed Dowan
  4696 | D:5      | Noticed Duvessa
  4978 | D:4      | Reached XP level 7. HP: 46/57 MP: 7/7
  5264 | D:5      | Found Huojut's Antique Armour Shop.
  5352 | D:5      | Found a glowing golden altar of the Shining One.
  5528 | D:5      | Killed Duvessa
  5529 | D:5      | Reached skill level 5 in Slings
  5532 | D:5      | HP: 4/57 [Dowan/stone arrow (5)]
  5537 | D:5      | Killed Dowan
  5785 | D:5      | Found Socsigoi's Weapon Shoppe.
  5872 | D:6      | Noticed Blork the orc
  5873 | D:6      | Noticed Prince Ribbit
  5886 | D:6      | Killed Blork the orc
  5887 | D:6      | Reached XP level 8. HP: 60/66 MP: 9/9
  6022 | D:6      | Killed Prince Ribbit
  6270 | D:6      | Found a white marble altar of Elyvilon.
  6270 | D:6      | Found a glowing silver altar of Zin.
  6672 | D:6      | Found a hazy altar of Hepliaklqana.
  6708 | D:6      | Found a burning altar of Makhleb.
  6709 | D:6      | Found a staircase to the Ecumenical Temple.
  6721 | D:6      | Noticed Maggie
  7402 | Temple   | Entered the Ecumenical Temple
  7472 | Temple   | Became a worshipper of Warmaster Okawaru
  7528 | D:6      | Found a sacrificial altar of Ru.
  7578 | D:6      | Killed Maggie
  8365 | D:5      | Reached XP level 9. HP: 46/72 MP: 10/10
  8559 | D:7      | Noticed Harold
  8772 | D:7      | HP: 9/72 [Harold/cursed +0 trident (12)]
  8776 | D:7      | HP: 1/72 [Harold/cursed +0 trident (6)]
  8780 | D:7      | Killed Harold
  8781 | D:7      | Reached skill level 5 in Maces & Flails
  8781 | D:7      | Reached skill level 6 in Slings
  9151 | D:7      | Found a shadowy altar of Dithmenos.
  9382 | D:7      | Noticed a two-headed ogre
  9828 | D:7      | Reached skill level 5 in Fighting
 10098 | D:7      | Reached * piety under Okawaru
 10556 | D:7      | Noticed Pikel
 11257 | D:7      | Killed Pikel
 11258 | D:7      | Reached XP level 10. HP: 49/81 MP: 12/12
 11705 | D:8      | Reached skill level 7 in Slings
 11828 | D:8      | Found a bloodstained altar of Trog.
 11850 | D:8      | Reached ** piety under Okawaru
 12015 | D:8      | Found an opulent altar of Gozag.
 12019 | D:8      | Found Gozag's Platinum Reserve.
 12366 | D:8      | Reached skill level 5 in Invocations
 12626 | D:8      | Found a basalt altar of Yredelemnul.
 12796 | D:8      | Reached *** piety under Okawaru
 14043 | D:9      | HP: 7/83 [killer bee (7)]
 14047 | D:8      | HP: 2/83 [killer bee (2)]
 14047 | D:8      | Slain by a killer bee

Illustrated notes

Levels and vault maps discovered:
D:1:      minmay_arrival_hallway, layout_rooms,
          wander_ebering_terrifying_dragon_lair
D:2:      layout_basic, marbit_many_paths
D:3:      layout_basic, nicolae_ashenzari_panopticon, corexii_shack
D:4:      layout_rooms, nemelex_altar_shiori, hex_medium,
          minmay_misc_feat_rugged, minmay_snake_closets
D:5:      layout_rooms, serial_shops, shop, kennysheep_little_box, basic_altar,
          uniq_duvessa
D:6:      layout_rooms, nzn_hepliaklqana_mist_gate, nicolae_ru_awakened_eye,
          grunt_temple_overflow_open, minmay_temple_entry_grid,
          grunt_ministairs_4, bloody_makhleb, uniq_prince_ribbit1, uniq_maggie,
          uniq_blork_the_orc
D:7:      layout_loops_ring, lemuel_coloured_pillars_altar, uniq_pikel,
          uniq_harold
D:8:      layout_loops_ring, lemuel_mausoleum_altar_yredelemnul,
          trog_ov_bears_minmay, nicolae_gozag_zags_fifth_avenue
D:9:      layout_rooms, kennysheep_vampire_church, lair_entry_dummy
Temple:   zaba_magenta_temple

Skill      XL: |  1  2  3  4  5  6  7  8  9 10 |
---------------+-------------------------------+-----
Maces & Flails | 1 2 3 4 5 6 |  6.4
Dodging        | 2 3 4 |  4.9
Slings         | 4 5 6 7 |  7.5
Invocations    | 1 2 3 4 5 |  5.3
Shields        | 1 2 3 4 |  4.4
Evocations     | 1 2 3 4 |  4.3
Armour         | 1 2 3 4 |  4.4
Fighting       | 3 4 5 |  5.9
Stealth        | |  1.1

Action                   |  1- 3 |  4- 6 |  7- 9 | 10-12 || total
-------------------------+-------+-------+-------+-------++-------
Melee: Short sword       |    58 |       |       |       ||    58
       Whip              |    69 |   112 |    14 |       ||   195
       Flail             |       |       |   174 |   208 ||   382
       Morningstar       |       |       |       |   134 ||   134
 Fire: Hunting sling     |     6 |   151 |   284 |   138 ||   579
Throw: Dart              |     5 |     8 |    72 |     2 ||    87
       Stone             |       |     1 |     2 |       ||     3
       Throwing net      |       |       |     1 |       ||     1
Invok: Heroism           |       |       |       |     1 ||     1
  Use: Potion            |       |     2 |     7 |     4 ||    13
 Stab: Sleeping          |     1 |       |       |       ||     1
Armor: Leather armour    |    39 |    41 |       |       ||    80
       Scale mail        |       |    20 |       |       ||    20
       Chain mail        |       |    14 |    89 |       ||   103
       Plate armour      |       |       |   150 |   349 ||   499
Dodge: Dodged            |    89 |   127 |   153 |   153 ||   522
